[Event "Titled Tuesday Blitz August 15 Early 2023"]
[White "NovoselovRoman"]
[Black "Toktomushev, Teimur"]
[BlackFideId "14176726"]
[WhiteElo "2596"]
[BlackElo "2426"]
[Result "0-1"]
[Round "4"]
[TimeControl "180+1"]
[Date "2023.08.15"]
[WhiteClock "0:00:23"]
[BlackClock "0:00:07"]
[Board "120"]

1. e4 c5 2. Nc3 e6 3. g3 d5 4. exd5 exd5 5. d4 cxd4 6. Qxd4 Nf6 7. Bg5 Be7 8. O-O-O Nc6 9. Bb5 O-O 10. Qa4 Be6 11. Nge2 h6 12. Be3 Ne5 13. Nf4 a6 14. Be2 b5 15. Qd4 Nc6 16. Qd3 Rc8 17. Kb1 Nb4 18. Qd2 Qa5 19. a3 Nc6 20. Ncxd5 Nxd5 21. Qxa5 Nxa5 22. Nxd5 Bd8 23. Bf3 Bf5 24. Nc3 Nc4 25. Bd4 Bf6 26. Bxf6 gxf6 27. Be4 Be6 28. Bd5 Nxa3+ 29. bxa3 Rxc3 30. Kb2 Rc7 31. Be4 Rfc8 32. Rhe1 Kg7 33. Bd3 f5 34. Re5 Kf6 35. Rde1 Rc5 36. f4 Rxe5 37. Rxe5 Rc7 38. a4 bxa4 39. Bxa6 a3+ 40. Kxa3 Rxc2 41. Re2 Rxe2 42. Bxe2 Kg6 43. Kb4 Bd5 44. Kc5 Be4 45. Kd6 Kf6 46. Bc4 Bc2 47. Kd7 Ba4+ 48. Kd8 Bc6 49. Bb3 Bb5 50. Bc2 Bc6 51. Kc7 Be4 52. Kd6 Bxc2 53. Kd5 Bd1 54. Kd4 Bg4 55. Kd5 Bf3+ 56. Kd6 Be4 57. Kd7 Bd5 58. Kd6 Be6 59. Kc5 Ke7 60. Kc6 Kd8 61. Kd6 Bc8 62. Ke5 Ke7 63. Kd5 Bb7+ 64. Ke5 Be4 65. Kd4 Kd6 66. g4 fxg4 67. Kxe4 Ke6 68. f5+ Kf6 69. Kf4 h5 70. Ke4 Kg5 71. Ke5 h4 72. Ke4 f6 73. h3 gxh3 74. Kf3 Kxf5 75. Kf2 Kg4 76. Kg1 f5 77. Kf2 f4 78. Kg1 Kg3 79. Kh1 f3 80. Kg1 f2+ 81. Kf1 h2 82. Ke2 h1=Q 83. Ke3 Qf3+ 84. Kd4 f1=Q 85. Ke5 Q1d3 86. Ke6 Qff5+ 87. Ke7 Qdd7# 0-1


[Site "https://www.chess.com"]

[Event "Titled Tuesday Blitz August 15 Early 2023"]
[White "Przybylski, Wojciech"]
[Black "Shohat, Yotam"]
[WhiteFideId "1117599"]
[BlackFideId "2813955"]
[WhiteElo "2567"]
[BlackElo "2426"]
[Result "1-0"]
[Round "4"]
[TimeControl "180+1"]
[Date "2023.08.15"]
[WhiteClock "0:00:26"]
[BlackClock "0:00:00"]
[Board "121"]

1. d4 Nf6 2. c4 e6 3. g3 d5 4. Bg2 Bb4+ 5. Nd2 O-O 6. Nf3 a5 7. O-O c6 8. Qc2 Nbd7 9. e4 dxe4 10. Nxe4 Nxe4 11. Qxe4 Nf6 12. Qc2 a4 13. Be3 a3 14. b3 Qa5 15. Ne5 Be7 16. Rad1 Nd7 17. Nd3 Qf5 18. Rfe1 e5 19. d5 cxd5 20. cxd5 Bd6 21. Qc4 Nf6 22. Nc5 Qg4 23. Qb5 Qh5 24. f3 Rb8 25. Qb6 Ne8 26. Ne4 Qg6 27. Qa7 Bf5 28. Nxd6 Nxd6 29. Qxa3 Ra8 30. Qb2 Rfd8 31. Bb6 Re8 32. Rxe5 Rxe5 33. Qxe5 Rxa2 34. Bc5 Ra6 35. Re1 Bd7 36. Qe7 1-0


[Site "https://www.chess.com"]

[Event "Titled Tuesday Blitz August 15 Early 2023"]
[White "Ismagilov, Damir"]
[Black "Llanos, Guillermo"]
[WhiteFideId "34199982"]
[BlackFideId "100358"]
[WhiteElo "2565"]
[BlackElo "2418"]
[Result "1-0"]
[Round "4"]
[TimeControl "180+1"]
[Date "2023.08.15"]
[WhiteClock "0:00:02"]
[BlackClock "0:00:00"]
[Board "122"]

1. e4 Nf6 2. Nc3 d5 3. exd5 Nxd5 4. Bc4 Nb6 5. Bb3 c5 6. d3 Nc6 7. Nf3 Bf5 8. O-O e6 9. Re1 Be7 10. Bf4 O-O 11. Qd2 a6 12. h3 Nd4 13. Nxd4 cxd4 14. Ne4 Nd5 15. Bg5 f6 16. Bh4 Bb4 17. c3 dxc3 18. bxc3 Ba5 19. Rac1 Rc8 20. Red1 e5 21. Bg3 Kh8 22. Qb2 Nf4 23. Bxf4 exf4 24. Nd2 b5 25. Nf3 Re8 26. Nd4 Bd7 27. Qd2 Bc7 28. Re1 Be5 29. Nf3 Bb8 30. Rxe8+ Bxe8 31. d4 Bg6 32. c4 bxc4 33. Rxc4 Rxc4 34. Bxc4 Be4 35. Ne1 a5 36. d5 Bd6 37. Nd3 g5 38. Nc1 Bf5 39. Ne2 Kg7 40. Nd4 Bd7 41. Qd3 Qe7 42. Qd2 Qe4 43. Bb5 Bxb5 44. Nxb5 Bb4 45. Qd1 Qc4 46. a4 Qc8 47. d6 Qd7 48. Qd5 h6 49. Kf1 h5 50. Ke2 Kg6 51. Qe4+ Kg7 52. Qd5 Kg6 53. Kd3 Kg7 54. Kc4 g4 55. Qxh5 1-0


[Site "https://www.chess.com"]

[Event "Titled Tuesday Blitz August 15 Early 2023"]
[White "Santos Flores, Alberto"]
[Black "Luong Phuong Hanh"]
[WhiteFideId "3601234"]
[BlackFideId "12401013"]
[WhiteElo "2549"]
[BlackElo "2413"]
[Result "0-1"]
[Round "4"]
[TimeControl "180+1"]
[Date "2023.08.15"]
[WhiteClock "0:00:00"]
[BlackClock "0:00:01"]
[Board "123"]

1. e4 c5 2. Nf3 e6 3. g3 d5 4. exd5 exd5 5. d4 Nf6 6. Bg2 h6 7. O-O Be7 8. dxc5 O-O 9. b4 a5 10. c3 Ne4 11. Bb2 Bf6 12. a3 axb4 13. axb4 Rxa1 14. Bxa1 Nc6 15. Qb3 b6 16. cxb6 Qxb6 17. Qxd5 Re8 18. Nfd2 Nxd2 19. Nxd2 Bb7 20. Ne4 Be5 21. Nd6 Bxd6 22. Qxd6 Re6 23. Qd2 Ba6 24. Re1 Ne5 25. h3 Bb7 26. c4 Nxc4 27. Qd1 Bxg2 28. Kxg2 Rxe1 29. Qxe1 Qc6+ 30. Kg1 Nd6 31. Qe5 f6 32. Qe6+ Kh8 33. Qe1 Qb5 34. Qc3 Nf5 35. Kh2 Kh7 36. Qc2 Kh8 37. Bc3 Qd5 38. Qd2 Qb5 39. Qf4 Kg8 40. Qe4 Kh8 41. h4 Nd6 42. Qf4 Nc4 43. Qd4 Kh7 44. Qd3+ Kh8 45. Qe4 Nd6 46. Qd4 Nf5 47. Qc5 Qd3 0-1


[Site "https://www.chess.com"]

[Event "Titled Tuesday Blitz August 15 Early 2023"]
[White "Manukyan, Sargis V."]
[Black "ExchangeAB"]
[WhiteFideId "13303465"]
[WhiteElo "2544"]
[BlackElo "2412"]
[Result "0-1"]
[Round "4"]
[TimeControl "180+1"]
[Date "2023.08.15"]
[WhiteClock "0:00:27"]
[BlackClock "0:00:40"]
[Board "124"]

1. d4 Nf6 2. c4 c6 3. Nc3 d5 4. Nf3 e6 5. Bg5 Nbd7 6. e3 Qa5 7. Nd2 dxc4 8. Bxf6 Nxf6 9. Nxc4 Qc7 10. Bd3 Be7 11. O-O O-O 12. Rc1 Rd8 13. Qf3 Bd7 14. Ne5 Be8 15. Rfd1 Nd7 16. Ng4 Nf6 17. Ne5 Nd7 18. Ng4 Rac8 19. Qh3 h6 20. Ne4 f5 21. Nxh6+ gxh6 22. Qxh6 fxe4 23. Qxe6+ Bf7 24. Qxe4 Nf6 25. Qh4 Rd5 26. f4 Rh5 27. Qg3+ Kf8 28. Qf3 Rh8 29. g4 Nxg4 30. h3 Nf6 31. Kh2 Bh5 32. Qf2 Bxd1 33. Rxd1 Ng4+ 0-1


[Site "https://www.chess.com"]

[Event "Titled Tuesday Blitz August 15 Early 2023"]
[White "Grossboss19"]
[Black "Melikhov, Evgeny V."]
[BlackFideId "4122046"]
[WhiteElo "2540"]
[BlackElo "2394"]
[Result "1-0"]
[Round "4"]
[TimeControl "180+1"]
[Date "2023.08.15"]
[WhiteClock "0:01:15"]
[BlackClock "0:00:07"]
[Board "125"]

1. Nf3 f5 2. c4 Nf6 3. d4 g6 4. g3 Bg7 5. Bg2 d6 6. O-O O-O 7. Nc3 Qe8 8. Re1 e5 9. dxe5 dxe5 10. e4 f4 11. gxf4 exf4 12. e5 Nh5 13. Nb5 Na6 14. b3 Bf5 15. Qd5+ Kh8 16. Qxb7 Nc5 17. Qxc7 Nd3 18. Re2 Nxc1 19. Rxc1 Qe6 20. Nbd4 1-0


[Site "https://www.chess.com"]

[Event "Titled Tuesday Blitz August 15 Early 2023"]
[White "Nugumanov, Bakhtiyar"]
[Black "Taboas Rodriguez, Daniel"]
[WhiteFideId "13701797"]
[BlackFideId "2208466"]
[WhiteElo "2090"]
[BlackElo "2528"]
[Result "1-0"]
[Round "4"]
[TimeControl "180+1"]
[Date "2023.08.15"]
[WhiteClock "0:00:39"]
[BlackClock "0:00:32"]
[Board "126"]

1. e4 e5 2. Nf3 Nc6 3. Bc4 Bc5 4. b4 Bxb4 5. c3 Be7 6. d4 Na5 7. Be2 d6 8. dxe5 dxe5 9. Qa4+ Nc6 10. Nxe5 Bd7 11. Nxd7 Qxd7 12. O-O Nf6 13. Be3 O-O 14. h3 Ne5 15. Qd4 Bd6 16. f4 Nc6 17. Qd1 Be7 18. Nd2 Rad8 19. Qc2 Rfe8 20. Rad1 Bf8 21. Kh2 Qe7 22. Bf3 Qe6 23. Bf2 Bd6 24. e5 Nxe5 25. fxe5 Qxe5+ 26. g3 Nh5 27. Rfe1 Qg5 28. Ne4 Rxe4 29. Qxe4 Nxg3 30. Qe8+ Rxe8 31. Rxe8+ Bf8 32. Bxg3 g6 33. Rdd8 Kg7 34. Rxf8 Qe3 35. Kg2 Qxc3 36. Rg8+ Kf6 37. Bh4+ Kf5 38. Rd5+ Kf4 39. Bg5# 1-0


[Site "https://www.chess.com"]

[Event "Titled Tuesday Blitz August 15 Early 2023"]
[White "Smietanska, Wiktoria"]
[Black "Nakamura, Hikaru"]
[WhiteFideId "21869359"]
[BlackFideId "2016192"]
[WhiteElo "2279"]
[BlackElo "3239"]
[Result "0-1"]
[Round "4"]
[TimeControl "180+1"]
[Date "2023.08.15"]
[WhiteClock "0:01:21"]
[BlackClock "0:02:08"]
[Board "127"]

1. c4 g6 2. Nc3 Bg7 3. g3 d6 4. Bg2 Nc6 5. e4 e5 6. Nge2 h5 7. h4 f5 8. d3 Nf6 9. O-O Be6 10. exf5 Bxf5 11. f4 Qd7 12. Nd5 O-O 13. Nec3 Ng4 14. fxe5 Ncxe5 15. Ne4 c6 16. Ne3 Nxe3 17. Bxe3 Ng4 18. Bf4 d5 19. cxd5 cxd5 20. Nc3 Bd4+ 21. Kh1 Nf2+ 22. Rxf2 Bxf2 23. Bxd5+ Kh7 24. Qf3 Be4 25. Nxe4 Qh3# 0-1


[Site "https://www.chess.com"]

[Event "Titled Tuesday Blitz August 15 Early 2023"]
[White "Javakhadze, Zurab"]
[Black "Akylbekov, Nasyr"]
[WhiteFideId "13603647"]
[BlackFideId "13800353"]
[WhiteElo "2759"]
[BlackElo "2413"]
[Result "1/2-1/2"]
[Round "4"]
[TimeControl "180+1"]
[Date "2023.08.15"]
[WhiteClock "0:00:12"]
[BlackClock "0:00:12"]
[Board "128"]

1. Nf3 Nf6 2. c4 e6 3. g3 b6 4. Bg2 Bb7 5. O-O c5 6. b3 Be7 7. Bb2 O-O 8. e3 d6 9. d4 Nbd7 10. d5 exd5 11. Nh4 Re8 12. Nc3 Rb8 13. Nxd5 Nxd5 14. Bxd5 Bxd5 15. Qxd5 Bxh4 16. gxh4 Qxh4 17. Qxd6 Rbd8 18. Qg3 Qxg3+ 19. hxg3 Nb8 20. Rad1 Nc6 21. Bc3 a5 22. Kg2 f6 23. Kf3 Kf7 24. a3 h5 25. Rd5 Ne7 26. Rxh5 Rd3 27. Rc1 Nc6 28. Ke2 Red8 29. Rc2 Ke6 30. g4 Ne5 31. g5 a4 32. bxa4 Nxc4 33. gxf6 gxf6 34. Rh6 Ne5 35. Bxe5 Kxe5 36. Rb2 R8d6 37. Rh5+ Ke6 38. a5 bxa5 39. Rxc5 Rxa3 40. f4 Ra6 41. f5+ Kd6 42. Rcb5 a4 43. e4 Ra8 44. Rd5+ Kc6 45. Rc2+ Kb6 46. Rd6+ Kb5 47. Rxf6 Rh3 48. Rb2+ Kc4 49. Rbb6 Kd4 50. Rb4+ Ke5 51. Re6+ Kf4 52. f6 a3 53. f7 a2 54. Ra6 Rf8 55. Rba4 Rh2+ 56. Kd3 Rxf7 57. Rxa2 Rd7+ 58. Kc4 Rxa2 59. Rxa2 Kxe4 60. Re2+ Kf3 61. Re6 Kf4 62. Kc5 Kf5 63. Rc6 Re7 64. Ra6 Re5+ 65. Kd4 Re4+ 66. Kd3 Re5 67. Ra4 Ke6 68. Rb4 Kf5 69. Rc4 Kf6 70. Kd4 Kf5 71. Rc8 Re6 72. Kd5 Re5+ 73. Kd4 Re4+ 74. Kd3 Re5 75. Rf8+ Ke6 76. Rf2 Rd5+ 77. Ke4 Re5+ 78. Kd4 Rd5+ 79. Kc4 Re5 80. Rh2 Kf5 81. Rh5+ Kf6 82. Rh4 Kf5 83. Rd4 Re4 84. Kd3 Rxd4+ 85. Kxd4 1/2-1/2


[Site "https://www.chess.com"]

[Event "Titled Tuesday Blitz August 15 Early 2023"]
[White "Rakhimzhan_Alen"]
[Black "Rom, Jasper"]
[BlackFideId "2023733"]
[WhiteElo "2667"]
[BlackElo "2412"]
[Result "1-0"]
[Round "4"]
[TimeControl "180+1"]
[Date "2023.08.15"]
[WhiteClock "0:00:43"]
[BlackClock "0:00:00"]
[Board "129"]

1. d4 d5 2. Nf3 e6 3. c4 c6 4. Qc2 dxc4 5. Qxc4 b5 6. Qc2 Bb7 7. e4 Nf6 8. Bd3 a6 9. a4 h6 10. O-O Nbd7 11. Re1 b4 12. e5 Nd5 13. Nbd2 c5 14. Ne4 Rc8 15. Qe2 Qb6 16. a5 Qc6 17. Nh4 cxd4 18. Qh5 Be7 19. Nd6+ Bxd6 20. exd6 N7f6 21. Rxe6+ Kf8 22. Qf5 fxe6 23. Ng6+ Kg8 24. Qxe6+ 1-0


[Site "https://www.chess.com"]

[Event "Titled Tuesday Blitz August 15 Early 2023"]
[White "jimmy-schlumpf"]
[Black "Boyer, Mahel"]
[BlackFideId "45102422"]
[WhiteElo "2410"]
[BlackElo "2667"]
[Result "0-1"]
[Round "4"]
[TimeControl "180+1"]
[Date "2023.08.15"]
[WhiteClock "0:01:52"]
[BlackClock "0:02:14"]
[Board "130"]

1. d4 c6 2. Nf3 d5 3. c4 Bf5 4. cxd5 cxd5 5. Qb3 Nf6 6. Qxb7 Nbd7 7. Bf4 e5 8. dxe5 Rb8 9. Qa6 Nc5 10. Qc6+ Bd7 11. Qxd7+ Nfxd7 0-1


[Site "https://www.chess.com"]

[Event "Titled Tuesday Blitz August 15 Early 2023"]
[White "KorolDimitriy75"]
[Black "Vaishali, Rameshbabu"]
[BlackFideId "5091756"]
[WhiteElo "2405"]
[BlackElo "2654"]
[Result "1-0"]
[Round "4"]
[TimeControl "180+1"]
[Date "2023.08.15"]
[WhiteClock "0:03:03"]
[BlackClock "0:02:26"]
[Board "131"]

1. d4 Nf6 2. c4 g6 3. Nc3 d5 4. cxd5 Nxd5 5. e4 Nxc3 6. bxc3 Bg7 7. Nf3 c5 8. Rb1 O-O 9. Be2 cxd4 10. cxd4 Qa5+ 11. Qd2 Qxa2 12. Qxa2 1-0


[Site "https://www.chess.com"]

[Event "Titled Tuesday Blitz August 15 Early 2023"]
[White "Lorenzo De La Riva, Lazaro"]
[Black "Andreev, Konstantin"]
[WhiteFideId "2268809"]
[BlackFideId "24239305"]
[WhiteElo "2404"]
[BlackElo "2626"]
[Result "1-0"]
[Round "4"]
[TimeControl "180+1"]
[Date "2023.08.15"]
[WhiteClock "0:00:20"]
[BlackClock "0:02:04"]
[Board "132"]

1. c4 e5 2. Nf3 Nf6 3. Nxe5 d6 4. Nf3 Be7 5. g3 O-O 6. Bg2 c6 7. O-O h6 8. Nc3 Re8 9. d4 Bf8 10. Qc2 Qc7 11. e4 b6 12. Re1 Bb7 13. h3 Nbd7 14. b3 a5 15. Bb2 g6 16. Rad1 Bg7 17. Re2 Re7 18. Rde1 Rae8 19. Nd1 Ba6 20. e5 dxe5 21. Nxe5 Nxe5 22. dxe5 Nd7 23. f4 Nc5 24. Nf2 a4 25. b4 Ne6 26. Ne4 c5 27. b5 Bc8 28. Nd6 Rd8 29. f5 Nd4 30. Bxd4 cxd4 31. Nxc8 d3 32. Nxe7+ Qxe7 33. Qc3 dxe2 34. Rxe2 gxf5 35. Kh2 Re8 36. Qf3 Bxe5 37. Rf2 f4 38. g4 Bd4 39. Rd2 Qc5 40. Qd3 Rd8 41. Bd5 Bg1+ 42. Kg2 Re8 43. Qg6+ Kh8 44. Qxh6+ Kg8 45. Qg6+ Kh8 46. Qh5+ Kg7 47. Qxf7+ Kh6 48. Qxe8 Bd4 49. Qe6+ Kg5 50. Qf5+ Kh6 51. Bf7 Kg7 52. Qxc5 bxc5 53. Bd5 Bc3 54. Re2 Kf6 55. Kf3 Be5 56. Rxe5 Kxe5 57. g5 a3 58. g6 Kf6 59. g7 Kxg7 60. Kxf4 Kf6 61. Ke4 Kg6 62. b6 Kh5 63. b7 Kg5 64. b8=Q Kh4 65. Qb3 Kg5 66. Qxa3 Kh4 67. Qb3 Kg5 68. a4 Kf6 69. a5 Ke7 70. a6 Kd6 71. a7 Kc7 72. Qb7+ Kd6 73. Qc6+ Ke7 74. Qe6+ Kf8 75. a8=Q+ Kg7 76. Qag8# 1-0


[Site "https://www.chess.com"]

[Event "Titled Tuesday Blitz August 15 Early 2023"]
[White "Radzhabov, Rodion"]
[Black "Rozhkov, Viacheslav"]
[WhiteFideId "884715"]
[BlackFideId "4181484"]
[WhiteElo "2616"]
[BlackElo "2403"]
[Result "0-1"]
[Round "4"]
[TimeControl "180+1"]
[Date "2023.08.15"]
[WhiteClock "0:00:00"]
[BlackClock "0:00:15"]
[Board "133"]

1. e4 c5 2. Nf3 Nc6 3. Bb5 e6 4. Bxc6 bxc6 5. d3 Ne7 6. Qe2 Ng6 7. h4 Be7 8. h5 Nh4 9. Nxh4 Bxh4 10. Qg4 Bf6 11. f4 d6 12. Nc3 Rb8 13. O-O g6 14. h6 e5 15. Qf3 Be6 16. f5 gxf5 17. exf5 Bd7 18. Ne4 Qe7 19. Qg4 d5 20. Nxf6+ Qxf6 21. Bg5 Qd6 22. Bh4 Qxh6 23. Rae1 f6 24. Bf2 Kf7 25. Bxc5 Rhg8 26. Qf3 Rxb2 27. Rf2 Rg5 28. Be3 Rb4 29. Bxg5 Qxg5 30. c3 Rh4 0-1


[Site "https://www.chess.com"]

[Event "Titled Tuesday Blitz August 15 Early 2023"]
[White "Namitbir Singh Walia"]
[Black "Bodnaruk, Anastasia"]
[WhiteFideId "35071068"]
[BlackFideId "4181751"]
[WhiteElo "2403"]
[BlackElo "2608"]
[Result "0-1"]
[Round "4"]
[TimeControl "180+1"]
[Date "2023.08.15"]
[WhiteClock "0:00:04"]
[BlackClock "0:00:08"]
[Board "134"]

1. e4 c5 2. Nf3 d6 3. d4 cxd4 4. Nxd4 Nf6 5. f3 e5 6. Nb3 Be7 7. c4 a5 8. Be3 a4 9. N3d2 O-O 10. Nc3 Nc6 11. Nxa4 Nd4 12. Bd3 Bd7 13. Nc3 Qb6 14. Nb3 Nc2+ 15. Qxc2 Qxe3+ 16. Qe2 Qb6 17. Qf2 Qc7 18. Nd5 Nxd5 19. cxd5 f5 20. O-O fxe4 21. Bxe4 Bg5 22. Kh1 Ra4 23. Qe2 Qc4 24. Qxc4 Rxc4 25. Rfd1 Rfc8 26. g3 Ba4 27. Kg2 Rb4 28. Kh3 Bxb3 29. axb3 Rxb3 30. Ra2 g6 31. Kg4 Bc1 32. Rd3 Rb4 33. Rda3 Bxb2 34. Ra8 Rxa8 35. Rxa8+ Kg7 36. Rd8 Ba3 37. Rd7+ Kh6 38. h4 Bc1 39. Rxd6 Rd4 40. Rd7 b5 41. h5 b4 42. hxg6 hxg6 43. Rb7 Bd2 44. Rb6 Kh7 45. Rxg6 Rxe4+ 46. fxe4 Kxg6 47. d6 b3 0-1


[Site "https://www.chess.com"]

[Event "Titled Tuesday Blitz August 15 Early 2023"]
[White "Sydoryka, Vladyslav"]
[Black "Hoffmann, Asa"]
[WhiteFideId "14145928"]
[BlackFideId "2001470"]
[WhiteElo "2607"]
[BlackElo "2401"]
[Result "1-0"]
[Round "4"]
[TimeControl "180+1"]
[Date "2023.08.15"]
[WhiteClock "0:00:18"]
[BlackClock "0:00:00"]
[Board "135"]

1. c4 Nf6 2. g3 c6 3. Bg2 d6 4. Nf3 e5 5. O-O Be7 6. Nc3 O-O 7. d3 h6 8. c5 Be6 9. cxd6 Bxd6 10. Bd2 Nbd7 11. a3 Re8 12. b4 a5 13. b5 c5 14. Ne1 Rb8 15. Nc2 Nb6 16. Ne3 Bf8 17. Qc2 Qc7 18. Na4 Nxa4 19. Qxa4 b6 20. Rac1 Rbd8 21. Nc4 Bd5 22. Bxd5 Nxd5 23. Rfd1 Qb8 24. Ne3 Nxe3 25. Bxe3 Qd6 26. Rc4 f5 27. Rdc1 Qd5 28. f3 Bd6 29. Bf2 Re7 30. Qb3 Rde8 31. e4 fxe4 32. dxe4 Qf7 33. Rd1 Re6 34. Rd5 Rf6 35. Kg2 Bf8 36. Rc3 Kh8 37. Rcd3 Qg6 38. Rd8 Rfe6 39. Rxe8 Qxe8 40. Qd5 Kh7 41. Qb7 Qxb5 42. Rd8 Rf6 43. Qa8 Qb3 44. f4 exf4 45. Rxf8 f3+ 46. Kh3 Qe6+ 47. g4 Rxf8 48. Qxf8 Qxe4 49. Kg3 Qe5+ 50. Qf4 Qxf4+ 51. Kxf4 b5 52. Bxc5 b4 53. axb4 axb4 54. Kxf3 b3 55. Bd4 Kg6 56. h4 h5 57. g5 Kf5 58. Bxg7 1-0


[Site "https://www.chess.com"]

[Event "Titled Tuesday Blitz August 15 Early 2023"]
[White "Kazakov, Mikhail"]
[Black "Ivanov, Alexey"]
[WhiteFideId "14102749"]
[BlackFideId "4167635"]
[WhiteElo "2398"]
[BlackElo "2603"]
[Result "1/2-1/2"]
[Round "4"]
[TimeControl "180+1"]
[Date "2023.08.15"]
[WhiteClock "0:00:12"]
[BlackClock "0:01:20"]
[Board "136"]

1. e4 c6 2. d4 d5 3. exd5 cxd5 4. c4 Nf6 5. Nc3 e6 6. Nf3 Bb4 7. cxd5 Nxd5 8. Bd2 Nc6 9. Bd3 Be7 10. O-O O-O 11. Re1 Bf6 12. Be3 Nce7 13. Be4 Bd7 14. Bxd5 Nxd5 15. Nxd5 exd5 16. Ne5 Bxe5 17. dxe5 Be6 18. Bd4 Qd7 19. Rc1 Rfc8 20. Qb3 b6 21. h3 Rc4 22. Rxc4 dxc4 23. Qe3 Rd8 24. Bc3 h6 25. Kh2 Qa4 26. a3 Rd3 27. Qf4 Qd7 28. Re3 Rd1 29. Rg3 Kh7 30. Qe4+ g6 31. Qf4 Qd5 32. Re3 b5 33. Qf6 h5 34. Rg3 Qe4 35. Re3 Qb1 36. Kg3 a5 37. Bxa5 Qxb2 38. Bb4 Kg8 39. Kh4 Qc2 40. Kg5 Qf5+ 41. Qxf5 Bxf5 42. g4 hxg4 43. hxg4 Rg1 44. f3 Be6 45. Re4 Rd1 46. Re2 Rd5 47. Kf6 Rd3 48. Rf2 c3 49. Kg5 Kg7 50. Kf4 Rd4+ 51. Ke3 Rc4 52. Rc2 g5 53. Rxc3 Rxc3+ 54. Bxc3 Bd5 55. f4 gxf4+ 56. Kxf4 Kg6 57. Bd4 Be6 58. Be3 Bd7 59. Bd4 Be6 60. Bc5 Bd7 61. Bb4 Be6 62. Bc5 Bd7 63. Bb4 Be6 64. Bc5 1/2-1/2


[Site "https://www.chess.com"]

[Event "Titled Tuesday Blitz August 15 Early 2023"]
[White "HamedWafa4"]
[Black "Fernandez Garcia, Gumersindo"]
[BlackFideId "24516740"]
[WhiteElo "2593"]
[BlackElo "2397"]
[Result "1-0"]
[Round "4"]
[TimeControl "180+1"]
[Date "2023.08.15"]
[WhiteClock "0:01:13"]
[BlackClock "0:00:38"]
[Board "137"]

1. e4 c5 2. Nc3 g6 3. d4 cxd4 4. Qxd4 Nf6 5. e5 Nc6 6. Qf4 Nh5 7. Qe4 Qa5 8. f4 Ng7 9. Nf3 Nf5 10. Bd2 Qb6 11. Nd5 Qd8 12. O-O-O Bg7 13. g4 Nh6 14. f5 d6 15. f6 Bf8 16. fxe7 Bxe7 17. Bxh6 Be6 18. Nf4 Nxe5 19. Nxe6 fxe6 20. Nxe5 Bg5+ 21. Bxg5 Qxg5+ 22. Kb1 dxe5 23. Bb5+ 1-0


[Site "https://www.chess.com"]

[Event "Titled Tuesday Blitz August 15 Early 2023"]
[White "Jakubowska, Anna"]
[Black "Sadykov, Ramil"]
[WhiteFideId "1121952"]
[BlackFideId "24113590"]
[WhiteElo "2390"]
[BlackElo "2591"]
[Result "0-1"]
[Round "4"]
[TimeControl "180+1"]
[Date "2023.08.15"]
[WhiteClock "0:00:04"]
[BlackClock "0:00:08"]
[Board "138"]

1. e4 c5 2. Nf3 e6 3. d4 cxd4 4. Nxd4 Nf6 5. Bd3 a6 6. O-O Qc7 7. Qe2 Nc6 8. Nxc6 dxc6 9. e5 Nd7 10. f4 Nc5 11. Kh1 b5 12. Nc3 Bb7 13. a4 Nxd3 14. Qxd3 Rd8 15. Qg3 h5 16. Be3 h4 17. Qg4 h3 18. gxh3 c5+ 19. Kg1 Qc6 20. Qg3 b4 21. Ne2 c4 22. Nd4 Qe4 23. c3 Bc5 24. Rad1 Rh6 25. Kf2 Rg6 26. Qf3 Rxd4 27. Qxe4 Rxe4 28. Bxc5 Rxf4+ 29. Ke3 Re4+ 30. Kd2 Rg2+ 31. Kc1 bxc3 32. bxc3 Rxe5 33. Ba3 Ree2 34. Rde1 Ra2 35. Bb4 Ra1# 0-1


[Site "https://www.chess.com"]

[Event "Titled Tuesday Blitz August 15 Early 2023"]
[White "Zavgorodniy, Sergiy"]
[Black "Avazkhonov, Alikhon"]
[WhiteFideId "14110148"]
[BlackFideId "14208504"]
[WhiteElo "2582"]
[BlackElo "2388"]
[Result "1/2-1/2"]
[Round "4"]
[TimeControl "180+1"]
[Date "2023.08.15"]
[WhiteClock "0:01:17"]
[BlackClock "0:00:03"]
[Board "139"]

1. d4 Nf6 2. c4 g6 3. Nc3 d5 4. cxd5 Nxd5 5. e4 Nxc3 6. bxc3 Bg7 7. Nf3 O-O 8. Be3 c5 9. Qd2 Nc6 10. Rc1 Qa5 11. d5 Rd8 12. Be2 Bg4 13. O-O e6 14. Rfd1 c4 15. Bxc4 Bxf3 16. gxf3 exd5 17. Bxd5 Ne5 18. Kg2 Nc4 19. Qe2 Nxe3+ 20. Qxe3 Qc7 21. c4 Be5 22. Rb1 Bf4 23. Qc3 Rab8 24. Rd3 b6 25. h3 Qe5 26. Qxe5 Bxe5 27. Ra3 Rd7 28. Ra6 Rc8 29. Rb3 Kg7 30. a4 Rc5 31. Rb5 Bd4 32. Kf1 f5 33. Ke2 Kf6 34. a5 Rxb5 35. cxb5 Ke5 36. Bc6 Rf7 37. axb6 Bxb6 38. Ra4 f4 39. Ra2 Kf6 40. Rd2 Re7 41. Rd6+ Re6 42. Rd7 Re7 43. Rd5 Re5 44. Rd1 Rh5 45. Bd7 Ke7 46. Kf1 Rc5 47. Rd2 Ba5 48. Rd3 Rc1+ 49. Kg2 Rc2 50. Bc6 Bb6 51. Rd7+ Kf6 52. Rxh7 Rxf2+ 53. Kh1 Rf1+ 54. Kh2 Rf2+ 55. Kh1 Rf1+ 56. Kg2 Rf2+ 57. Kh1 1/2-1/2


[Site "https://www.chess.com"]

[Event "Titled Tuesday Blitz August 15 Early 2023"]
[White "Deng, Henry"]
[Black "Vafin, Ayrat"]
[WhiteFideId "30965454"]
[BlackFideId "4146530"]
[WhiteElo "2575"]
[BlackElo "2387"]
[Result "0-1"]
[Round "4"]
[TimeControl "180+1"]
[Date "2023.08.15"]
[WhiteClock "0:00:06"]
[BlackClock "0:00:07"]
[Board "140"]

1. e4 e5 2. Nf3 Nf6 3. Nxe5 d6 4. Nf3 Nxe4 5. Nc3 Nxc3 6. dxc3 Be7 7. Be3 Nc6 8. Qd2 Be6 9. O-O-O Qd7 10. Kb1 Bf6 11. Nd4 Nxd4 12. Bxd4 Bxd4 13. Qxd4 O-O 14. h4 Rfe8 15. Bd3 Bf5 16. h5 Bxd3 17. Rxd3 Qf5 18. a3 h6 19. g4 Qe4 20. Rg1 Qxd4 21. cxd4 Re2 22. g5 Rae8 23. gxh6 Re1+ 24. Rxe1 Rxe1+ 25. Ka2 gxh6 26. Rc3 c6 27. Rb3 b6 28. Rc3 c5 29. dxc5 dxc5 30. Rd3 Re5 31. Rd7 Rxh5 32. Rxa7 Rf5 33. Rb7 Rf6 34. a4 h5 35. c3 h4 36. b4 h3 37. Rd7 Rxf2+ 38. Kb3 cxb4 39. cxb4 Rf5 40. Rd2 Rh5 41. Rh2 Kf8 42. Kc4 Ke7 43. a5 bxa5 44. bxa5 Rxa5 45. Rxh3 Re5 46. Kd4 Re1 47. Rh7 Kf6 48. Rh6+ Kg5 49. Rh3 f5 50. Kd3 Kg4 51. Rh8 Kf3 52. Kd2 Re7 53. Ra8 f4 54. Rf8 Kg3 55. Rg8+ Kf2 56. Rf8 f3 57. Rf6 Rd7+ 58. Kc2 Rd5 59. Rf8 Ke3 60. Re8+ Kf4 61. Rf8+ Rf5 62. Rxf5+ Kxf5 63. Kd2 Kf4 64. Ke1 Ke3 65. Kf1 f2 66. Kg2 Ke2 67. Kg3 f1=Q 68. Kg4 Qf3+ 69. Kh4 Qg2 70. Kh5 Kf3 71. Kh6 Kf4 72. Kh5 Qg5# 0-1


[Site "https://www.chess.com"]

[Event "Titled Tuesday Blitz August 15 Early 2023"]
[White "Onufrienko, Vladislav"]
[Black "Lacasa Diaz, Jose Antonio"]
[WhiteFideId "13804332"]
[BlackFideId "2203375"]
[WhiteElo "2567"]
[BlackElo "2382"]
[Result "1-0"]
[Round "4"]
[TimeControl "180+1"]
[Date "2023.08.15"]
[WhiteClock "0:00:18"]
[BlackClock "0:00:08"]
[Board "141"]

1. e4 c5 2. Nc3 g6 3. d4 cxd4 4. Qxd4 Nf6 5. e5 Nc6 6. Qf4 Nh5 7. Qe3 d6 8. exd6 Qxd6 9. Nf3 Ng7 10. Bd3 Nf5 11. Bxf5 Bxf5 12. O-O Bg7 13. Nb5 Qb8 14. Nfd4 Nxd4 15. Nxd4 Bd7 16. c3 O-O 17. Qxe7 Bc6 18. Nxc6 bxc6 19. Re1 Re8 20. Qxe8+ Qxe8 21. Rxe8+ Rxe8 22. Be3 a6 23. Rc1 Rd8 24. Kf1 h5 25. Ke2 Kf8 26. b3 Ke7 27. Bg5+ f6 28. Be3 Ke6 29. Bd4 Bh6 30. Rd1 f5 31. c4 Bg5 32. h3 Be7 33. Rd3 Kf7 34. Be3 Rxd3 35. Kxd3 Ke6 36. Kc3 Ke5 37. b4 Ke4 38. a4 f4 39. Ba7 f3 40. g3 g5 41. Be3 g4 42. hxg4 hxg4 43. b5 cxb5 44. axb5 axb5 45. cxb5 Bd6 46. Bd4 Kd5 47. Kd3 Bb8 48. b6 Bd6 49. Be3 Bb8 50. Kc3 Kc6 51. Kc4 Bd6 52. Bd4 Bb8 53. Kb4 Bd6+ 54. Ka5 Kb7 55. Kb5 Bb8 56. Be3 Bd6 57. Bd4 Bb8 58. Kc5 Kc8 59. Kc6 Kd8 60. b7 Ba7 61. Bxa7 1-0


[Site "https://www.chess.com"]